 Dungeon Crawl Stone Soup version 0.22.1-6-g1668fe2 (webtiles) character file.

140 Kairos the Shield-Bearer (level 5, -12/28 HPs)
             Began as a Vine Stalker Fighter on Jan 16, 2019.
             Killed by divine providence
             ... invoked by an orc priest
              (15 damage)
             ... on level 3 of the Dungeon.
             The game lasted 00:02:19 (2115 turns).

Kairos the Shield-Bearer (Vine Stalker Fighter)     Turns: 2115, Time: 00:02:21

Health: -12/28     AC:  6    Str: 19    XL:     5   Next: 23%
Magic:  0/6        EV:  7    Int:  8    God:
Gold:   116        SH:  9    Dex: 14    Spells: 4/4 levels left

rFire    . . .     SeeInvis .   a - +1 war axe
rCold    . . .     Gourm    .   c - +0 shield
rNeg     . . .     Faith    .   b - +0 scale mail
rPois    .         Spirit   +   (no helmet)
rElec    .         Reflect  .   (no cloak)
rCorr    .         Harm     .   (no gloves)
MR       .....                  (no boots)
Stlth    ..........             (no amulet)
HPRegen  0.49/turn              (no ring)
MPRegen  0.10/turn              (no ring)

@: no status effects
A: fangs 2, regeneration 1, magic shield, antimagic bite, no potion heal 3, rot
immunity
a: no special abilities


You were on level 3 of the Dungeon.
You were very hungry.

You visited 1 branch of the dungeon, and saw 3 of its levels.

You collected 116 gold pieces.

Inventory:

Hand Weapons
 a - a +1 war axe (weapon)
Armour
 b - a +0 scale mail (worn)
 c - a +0 shield (worn)
Scrolls
 e - a scroll of immolation
 h - a scroll of enchant armour {unknown}
 i - a scroll of blinking
 j - 3 scrolls of remove curse
 n - a scroll of fear
Potions
 d - a potion of might
 g - a potion of curing
 k - 2 potions of berserk rage {unknown}
 o - a potion of flight
Comestibles
 f - 4 rations


   Skills:
 + Level 3.1 Fighting
 + Level 3.3 Axes
 + Level 2.8 Armour
 + Level 0.3 Dodging
 + Level 0.6 Stealth
 + Level 3.5 Shields


You had 4 spell levels left.
You didn't know any spells.
Your spell library was empty.

Dungeon Overview and Level Annotations

Branches:
Dungeon (3/15)

Altars:
Sif Muna
Wu Jian


Innate Abilities, Weirdness & Mutations

You have extremely sharp teeth.
Your natural rate of healing is unusually fast.
When hurt, damage is shared between your health and your magic reserves.
Your bite disrupts and absorbs the magic of your enemies.
Potions cannot restore your health.
You are immune to rotting.


Message History

You feel sick.
You slash the dart slug!
You kill the dart slug!
You feel sick.
You open the door. 3 orcs and an orc priest come into view.
The orc shouts! x3
The orc priest calls down the wrath of Beogh upon you.
Beogh smites you!
* * * LOW HITPOINT WARNING * * *
Found a scroll of remove curse.
You barely miss the orc.
You feel sick. The orc hits you but does no damage.
You closely miss the orc. Your bite misses the orc. The orc barely misses you.
You hit the orc but do no damage. You bite the orc, but do no damage.
You feel sick.
You are no longer poisoned.
The orc priest mumbles some strange prayers to Beogh against you.
Beogh smites you!
Ouch! That really hurt!
You die...

.. #. #.## .# #
..# .# #. #.##.#
#?. #.##.#
#...######..#.####
#..oo@...........+
#.oo#######...####
#.. ##..####... #.
#......... #
####'########
#...........#
#...>.......#
#............
#............


You could see an orc priest and 3 orcs.

Vanquished Creatures
  3 adders
  4 gnolls (D:3)
  2 worms (D:2)
  6 dart slugs
  2 leopard geckos (D:1)
  2 giant cockroaches (D:1)
  6 goblins
  9 hobgoblins
  2 jackals (D:1)
  5 kobolds
  A ball python (D:2)
  6 bats
  2 frilled lizards (D:1)
  4 rats
54 creatures vanquished.

Notes
Turn   | Place    | Note
-------+----------+-------------------------------------------
     0 | D:1      | Kairos the Vine Stalker Fighter began the quest for the
                  | Orb.
     0 | D:1      | Reached XP level 1. HP: 11/11 MP: 2/2
    55 | D:1      | Reached XP level 2. HP: 8/16 MP: 3/3
   756 | D:1      | Reached XP level 3. HP: 10/19 MP: 4/4
  1448 | D:2      | Gained mutation: Your natural rate of healing is unusually
                  | fast. [Vine Stalker growth]
  1448 | D:2      | Reached XP level 4. HP: 23/24 MP: 5/5
  1715 | D:2      | Found a deep blue altar of Sif Muna.
  1888 | D:2      | Found an ornate altar of the Wu Jian Council.
  2072 | D:3      | Reached XP level 5. HP: 26/28 MP: 6/6
  2115 | D:3      | Killed from afar by an orc priest

Skill      XL: |  1  2  3  4 |
---------------+-------------+-----
Shields        | 3 |  3.5
Axes           | 2 3 |  3.3
Fighting       | 3 |  3.1
Armour         | |  2.8
Dodging        | |  0.3
Stealth        | |  0.6

Action                   |  1- 3 |  4- 6 || total
-------------------------+-------+-------++-------
Melee: War axe           |    71 |    77 ||   148
       Bite              |    17 |    18 ||    35
  Use: Scroll            |     1 |     8 ||     9
  Eat: Chunk             |     1 |     2 ||     3
Armor: Scale mail        |    23 |    35 ||    58
Dodge: Dodged            |    28 |    34 ||    62
Block: Shield            |    50 |    60 ||   110
